HSSL
SHELBY HS ROCKETS @ BILLINGS WEST HS GOLDEN BEARS
04/07/2027
 
TOP OF THE 1ST
Shelby HS Rockets batting - Pitching for Billings West HS Golden Bears : LHP Marvin Dailey
Pitching: LHP Marvin Dailey
Batting: RHB Phil Stephens 0-0: Ball
1-0: Ball
2-0: Foul Ball, location: 2F
2-1: Foul Ball, location: 2F
2-2: Ball
3-2: Base on Balls
Batting: RHB Jorge Solís 0-0: Called Strike
0-1: Swinging Strike
0-2: SINGLE (Groundball, 4MD)
Phil Stephens to second
Runner from 2nd tries for 3rd, SAFE, no throw
Batting: SHB Simon Spencer 0-0: Foul Ball, location: 2F
0-1: Fly out, F9 (Flyball, 9LM)
Runner from 3rd tags up, SCORES, no throw
Batting: LHB Bill Handy 0-0: Called Strike
0-1: Ball
1-1: Called Strike
1-2: Ball
2-2: Ball
3-2: SINGLE (Line Drive, 78S)
Jorge Solís to second
Batting: RHB Jorge Pacheco 0-0: Foul Ball, location: 2F
0-1: Called Strike
0-2: Ball
1-2: Ball
2-2: Ball
3-2: Foul Ball, location: 2F
3-2: Grounds into double play, 5-4-3 (Groundball, 56)
Top of the 1st over - 1 run(s), 2 hit(s), 0 error(s), 1 left on base; Shelby HS 1 - Billings West HS 0
BOTTOM OF THE 1ST
Billings West HS Golden Bears batting - Pitching for Shelby HS Rockets : LHP Anthony Jacobson
Pitching: LHP Anthony Jacobson
Batting: RHB Jason Cook 0-0: Ball
1-0: Fly out, F5 (Line Drive, 5)
Batting: SHB Juan Soriano 0-0: Called Strike
0-1: Ground out 1-3 (Groundball, P)
Batting: RHB Michael Scott 0-0: Ball
1-0: Foul Ball, location: 2F
1-1: SOLO HOME RUN (Flyball, 9D), Distance : 404 ft
Batting: RHB Rod Zamora 0-0: Ball
1-0: Called Strike
1-1: Fly out, F4 (Popup, 3D)
Bottom of the 1st over - 1 run(s), 1 hit(s), 0 error(s), 0 left on base; Shelby HS 1 - Billings West HS 1
TOP OF THE 2ND
Shelby HS Rockets batting - Pitching for Billings West HS Golden Bears : LHP Marvin Dailey
Batting: RHB Craig Jensen 0-0: Ball
1-0: Fly out, F8 (Flyball, 8LD)
Batting: RHB Javier Concepción 0-0: Called Strike
0-1: Ball
1-1: Called Strike
1-2: Ground out 5-3 (Groundball, 5)
Batting: LHB Bill Williams 0-0: Swinging Strike
0-1: Called Strike
0-2: Ball
1-2: Foul Ball, location: 2F
1-2: Strikes out looking
Top of the 2nd over - 0 run(s), 0 hit(s), 0 error(s), 0 left on base; Shelby HS 1 - Billings West HS 1
BOTTOM OF THE 2ND
Billings West HS Golden Bears batting - Pitching for Shelby HS Rockets : LHP Anthony Jacobson
Batting: LHB Jean Beauchemin 0-0: Called Strike
0-1: Called Strike
0-2: Strikes out swinging, 2-3 out at first.
Batting: RHB Roberto Hernández 0-0: Called Strike
0-1: Ball
1-1: Foul Ball, location: 2F
1-2: Strikes out swinging
Batting: LHB Millard Mays 0-0: Ball
1-0: Ball
2-0: Swinging Strike
2-1: Swinging Strike
2-2: Strikes out swinging
Bottom of the 2nd over - 0 run(s), 0 hit(s), 0 error(s), 0 left on base; Shelby HS 1 - Billings West HS 1
TOP OF THE 3RD
Shelby HS Rockets batting - Pitching for Billings West HS Golden Bears : LHP Marvin Dailey
Batting: RHB Joseph Brown 0-0: SINGLE (Groundball, 6MD)
Batting: RHB Phil Stephens 0-0: Foul Ball, location: 2F
0-1: Ball
1-1: Ball
2-1: Ball
3-1: Foul Ball, location: 2F
3-2: SINGLE (Line Drive, 34D)
Joseph Brown to second
Batting: RHB Jorge Solís 0-0: Ball
1-0: Ball
2-0: Foul Ball, location: 2F
2-1: Swinging Strike
2-2: Ball
3-2: SINGLE (Groundball, 34D)
Joseph Brown to third
Phil Stephens to second
Batting: SHB Simon Spencer 0-0: Ball
1-0: Called Strike
1-1: Ball
2-1: Swinging Strike
2-2: Foul Ball, location: 2F
2-2: Ball
3-2: Foul Ball, location: 2F
3-2: Foul Ball, location: 2F
3-2: Grounds into double play, 6-4-3 (Groundball, 6)
Joseph Brown scores
Phil Stephens to third
Batting: LHB Bill Handy 0-0: Foul Ball, location: 2F
0-1: Ball
1-1: Swinging Strike
1-2: Foul Ball, location: 2F
1-2: Strikes out swinging
Top of the 3rd over - 1 run(s), 3 hit(s), 0 error(s), 1 left on base; Shelby HS 2 - Billings West HS 1
BOTTOM OF THE 3RD
Billings West HS Golden Bears batting - Pitching for Shelby HS Rockets : LHP Anthony Jacobson
Batting: RHB Ethan Ramos 0-0: Fly out, F7 (Flyball, 78M)
Batting: RHB Eric Dodd 0-0: Ground out 6-3 (Groundball, 6)
Batting: RHB Jason Cook 0-0: Called Strike
0-1: Foul Ball, location: 2F
0-2: Strikes out swinging
Bottom of the 3rd over - 0 run(s), 0 hit(s), 0 error(s), 0 left on base; Shelby HS 2 - Billings West HS 1
TOP OF THE 4TH
Shelby HS Rockets batting - Pitching for Billings West HS Golden Bears : LHP Marvin Dailey
Batting: RHB Jorge Pacheco 0-0: Ball
1-0: Ball
2-0: Ball
3-0: Called Strike
3-1: Foul Ball, location: 2F
3-2: Base on Balls
Pitching: RHP Will Lewis
Batting: RHB Craig Jensen 0-0: Ball
1-0: Called Strike
1-1: Ball
2-1: Foul Ball, location: 2F
2-2: Foul Ball, location: 2F
2-2: Ball
3-2: Base on Balls
Jorge Pacheco to second
Batting: RHB Javier Concepción 0-0: Ball
1-0: Called Strike
1-1: Ball
2-1: Swinging Strike
2-2: Ball
3-2: Base on Balls
Jorge Pacheco to third
Craig Jensen to second
Batting: LHB Bill Williams 0-0: Ball
1-0: Called Strike
1-1: Ball
2-1: Ball
3-1: Base on Balls
Jorge Pacheco scores
Craig Jensen to third
Javier Concepción to second
Batting: RHB Joseph Brown 0-0: Ball
1-0: DOUBLE (Line Drive, 78D)
Craig Jensen scores
Javier Concepción scores
Bill Williams to third
Batting: RHB Phil Stephens 0-0: Ball
1-0: Ball
2-0: Ball
3-0: Base on Balls
Batting: RHB Jorge Solís 0-0: Foul Ball, location: 2F
0-1: Ball
1-1: Ball
2-1: Ball
3-1: Called Strike
3-2: SINGLE (Line Drive, 7LS)
Bill Williams scores
Joseph Brown to third
Phil Stephens to second
Pitching: RHP Bill Cooper
Batting: SHB Simon Spencer 0-0: Called Strike
0-1: Foul Ball, location: 2F
0-2: Foul Ball, location: 2F
0-2: Ball
1-2: Ball
2-2: Ball
3-2: Base on Balls
Joseph Brown scores
Phil Stephens to third
Jorge Solís to second
Batting: LHB Bill Handy 0-0: Ball
1-0: Foul Ball, location: 2F
1-1: Called Strike
1-2: Foul Ball, location: 2F
1-2: Ball
2-2: Strikes out swinging
Batting: RHB Jorge Pacheco Balk!
Phil Stephens scores
Jorge Solís to third
Simon Spencer to second
0-0: Called Strike
0-1: Called Strike
0-2: Strikes out swinging
Batting: RHB Craig Jensen 0-0: Swinging Strike
0-1: Ball
1-1: Ball
2-1: Ball
3-1: Base on Balls
Batting: RHB Javier Concepción 0-0: Ball
1-0: Foul Ball, location: 2F
1-1: Ball
2-1: Called Strike
2-2: Ball
3-2: Base on Balls
Jorge Solís scores
Simon Spencer to third
Craig Jensen to second
Batting: LHB Bill Williams 0-0: Swinging Strike
0-1: Ball
1-1: Ball
2-1: Swinging Strike
2-2: Ball
3-2: Strikes out looking
Top of the 4th over - 7 run(s), 2 hit(s), 0 error(s), 3 left on base; Shelby HS 9 - Billings West HS 1
BOTTOM OF THE 4TH
Billings West HS Golden Bears batting - Pitching for Shelby HS Rockets : LHP Anthony Jacobson
Batting: SHB Juan Soriano 0-0: Called Strike
0-1: Foul Ball, location: 2F
0-2: Strikes out swinging
Batting: RHB Michael Scott 0-0: Ball
1-0: Called Strike
1-1: Ball
2-1: Swinging Strike
2-2: Ball
3-2: Reached via error on a dropped throw, E3
Batting: RHB Rod Zamora 0-0: Ball
1-0: Ball
2-0: Ball
3-0: Called Strike
3-1: Base on Balls
Michael Scott to second
Batting: LHB Jean Beauchemin 0-0: Ball
1-0: Called Strike
1-1: Called Strike
1-2: Foul Ball, location: 2F
1-2: Foul Ball, location: 2F
1-2: Ball
2-2: Ball
3-2: Base on Balls
Michael Scott to third
Rod Zamora to second
Batting: RHB Roberto Hernández 0-0: Ball
1-0: Ball
2-0: Ball
3-0: Base on Balls
Michael Scott scores
Rod Zamora to third
Jean Beauchemin to second
Batting: LHB Millard Mays 0-0: Ground out 6-3 (Groundball, 6MD)
Rod Zamora scores
Jean Beauchemin to third
Roberto Hernández to second
Batting: RHB Ethan Ramos 0-0: Foul Ball, location: 2F
0-1: SINGLE (Flyball, 89S)
Jean Beauchemin scores
Roberto Hernández to third
Runner from 3rd tries for Home, SAFE, no throw
Batting: RHB Eric Dodd 0-0: Called Strike
0-1: Ball
1-1: Called Strike
1-2: Foul Ball, location: 2F
1-2: Ball
2-2: Foul Ball, location: 2F
2-2: Strikes out swinging
Bottom of the 4th over - 4 run(s), 1 hit(s), 1 error(s), 1 left on base; Shelby HS 9 - Billings West HS 5
TOP OF THE 5TH
Shelby HS Rockets batting - Pitching for Billings West HS Golden Bears : RHP Bill Cooper
Batting: RHB Joseph Brown 0-0: Ground out 6-3 (Groundball, 6)
Batting: RHB Phil Stephens 0-0: Ball
1-0: Foul Ball, location: 2F
1-1: Ball
2-1: Foul Ball, location: 2F
2-2: Foul Ball, location: 2F
2-2: Ball
3-2: Foul Ball, location: 2F
3-2: Foul Ball, location: 2F
3-2: Foul Ball, location: 2F
3-2: Strikes out swinging
Batting: RHB Jorge Solís 0-0: Swinging Strike
0-1: Foul Ball, location: 2F
0-2: Ball
1-2: Foul Ball, location: 2F
1-2: Strikes out swinging
Top of the 5th over - 0 run(s), 0 hit(s), 0 error(s), 0 left on base; Shelby HS 9 - Billings West HS 5
BOTTOM OF THE 5TH
Billings West HS Golden Bears batting - Pitching for Shelby HS Rockets : LHP Anthony Jacobson
Batting: RHB Jason Cook 0-0: Ball
1-0: SINGLE (Groundball, 34D)
Batting: SHB Juan Soriano 0-0: Ball
1-0: SINGLE (Flyball, 8RS)
Jason Cook to second
Batting: RHB Michael Scott 0-0: Ball
1-0: Swinging Strike
1-1: Called Strike
1-2: Strikes out swinging
Batting: RHB Rod Zamora 0-0: Ball
1-0: Ball
2-0: Ball
Jason Cook steals 3rd base
Juan Soriano to second
3-0: Called Strike
3-1: Called Strike
3-2: Base on Balls
Batting: LHB Jean Beauchemin 0-0: Called Strike
0-1: Ball
1-1: Called Strike
1-2: Foul Ball, location: 2F
1-2: Ball
2-2: Fielders Choice at 2nd, 3-6 (Groundball, 3)
Jason Cook scores
Juan Soriano to third
Pitching: RHP Christian Gunn
Batting: RHB Roberto Hernández 0-0: SINGLE (Line Drive, 56D)
Juan Soriano scores
Jean Beauchemin to second
Batting: LHB Millard Mays 0-0: Called Strike
0-1: Ball
1-1: Ball
2-1: Ball
3-1: Base on Balls
Jean Beauchemin to third
Roberto Hernández to second
Batting: RHB Ethan Ramos 0-0: Ball
1-0: Foul Ball, location: 2F
1-1: Ball
2-1: Foul Ball, location: 2F
2-2: Strikes out looking
Bottom of the 5th over - 2 run(s), 3 hit(s), 0 error(s), 3 left on base; Shelby HS 9 - Billings West HS 7
TOP OF THE 6TH
Shelby HS Rockets batting - Pitching for Billings West HS Golden Bears : RHP Bill Cooper
Pitching: RHP Ellis Coleman
Batting: SHB Simon Spencer 0-0: Ball
1-0: Ball
2-0: Called Strike
2-1: Ball
3-1: Base on Balls
Batting: LHB Bill Handy 0-0: Called Strike
0-1: Called Strike
0-2: Strikes out swinging
Batting: RHB Jorge Pacheco 0-0: Fly out, F7 (Flyball, 7LMF)
Batting: RHB Craig Jensen 0-0: Ball
1-0: Ball
2-0: Ball
3-0: Base on Balls
Simon Spencer to second
Batting: RHB Javier Concepción 0-0: Ball
1-0: Swinging Strike
1-1: Called Strike
1-2: Strikes out looking
Top of the 6th over - 0 run(s), 0 hit(s), 0 error(s), 2 left on base; Shelby HS 9 - Billings West HS 7
BOTTOM OF THE 6TH
Billings West HS Golden Bears batting - Pitching for Shelby HS Rockets : RHP Christian Gunn
Batting: RHB Eric Dodd 0-0: Bunt for hit - play at first, batter OUT! 2-3
Batting: RHB Jason Cook 0-0: Called Strike
0-1: Foul Ball, location: 2F
0-2: Foul Ball, location: 2F
0-2: SINGLE (Flyball, 7LM)
Batting: SHB Juan Soriano 0-0: Called Strike
Jason Cook is caught stealing 2nd base
0-1: Ball
1-1: Fly out, F8 (Flyball, 8LM)
Bottom of the 6th over - 0 run(s), 1 hit(s), 0 error(s), 0 left on base; Shelby HS 9 - Billings West HS 7
TOP OF THE 7TH
Shelby HS Rockets batting - Pitching for Billings West HS Golden Bears : RHP Ellis Coleman
Batting: LHB Bill Williams 0-0: Ball
1-0: Ball
2-0: Ball
3-0: Called Strike
3-1: Base on Balls
Batting: RHB Joseph Brown 0-0: Called Strike
0-1: Sac Bunt - play at first, batter OUT! 1-3
Bill Williams to second
Batting: RHB Phil Stephens 0-0: Ball
1-0: Foul Ball, location: 2F
1-1: Ball
2-1: Foul Ball, location: 2F
2-2: Ball
3-2: Ground out 4-3 (Groundball, 4M)
Bill Williams to third
Batting: RHB Jorge Solís 0-0: Called Strike
0-1: Foul Ball, location: 2F
0-2: Foul Ball, location: 2F
0-2: Ball
1-2: Ball
2-2: Ground out 4-3 (Groundball, 4)
Top of the 7th over - 0 run(s), 0 hit(s), 0 error(s), 1 left on base; Shelby HS 9 - Billings West HS 7
BOTTOM OF THE 7TH
Billings West HS Golden Bears batting - Pitching for Shelby HS Rockets : RHP Christian Gunn
Batting: RHB Michael Scott 0-0: Called Strike
0-1: SINGLE (Line Drive, 8RS)
Batting: RHB Rod Zamora 0-0: Foul Ball, location: 2F
0-1: Called Strike
0-2: Ball
1-2: Fly out, F7 (Flyball, 7S)
Batting: LHB Jean Beauchemin 0-0: Ball
1-0: Ball
2-0: Ball
3-0: Called Strike
3-1: Foul Ball, location: 2F
3-2: Base on Balls
Michael Scott to second
Batting: RHB Roberto Hernández 0-0: Called Strike
0-1: Ball
1-1: SINGLE (Flyball, 8RS)
Michael Scott to third
Jean Beauchemin to second
Pinch Hitting: RHB Lawrence Pérez 0-0: Called Strike
0-1: Ball
1-1: Ball
2-1: SINGLE (Line Drive, 56)
Michael Scott scores
Jean Beauchemin to third
Roberto Hernández to second
Batting: RHB Ethan Ramos 0-0: SINGLE (Groundball, 6M)
Jean Beauchemin scores
Roberto Hernández to third
Lawrence Pérez to second
Batting: RHB Eric Dodd 0-0: Ball
1-0: Ball
2-0: Ball
3-0: Base on Balls
Roberto Hernández scores
Lawrence Pérez to third
Ethan Ramos to second
Pitching: LHP Chris Moore
Batting: RHB Jason Cook 0-0: Foul Ball, location: 2F
0-1: Foul Ball, location: 2F
0-2: Strikes out swinging
Batting: SHB Juan Soriano 0-0: Fielders Choice at 2nd, 4-6 (Groundball, 4)
Bottom of the 7th over - 3 run(s), 4 hit(s), 0 error(s), 2 left on base; Shelby HS 9 - Billings West HS 10
TOP OF THE 8TH
Shelby HS Rockets batting - Pitching for Billings West HS Golden Bears : RHP Ellis Coleman
Now at 3B: Lawrence Pérez
Now at SS: Rob Johnston
Batting: SHB Simon Spencer 0-0: Called Strike
0-1: Called Strike
0-2: Strikes out swinging
Pitching: LHP Monty Bint
Batting: LHB Bill Handy 0-0: Called Strike
0-1: Swinging Strike
0-2: Strikes out swinging
Pitching: RHP Doug Sales
Batting: RHB Jorge Pacheco 0-0: Called Strike
0-1: Called Strike
0-2: Foul Ball, location: 2F
0-2: Ball
1-2: Strikes out swinging
Top of the 8th over - 0 run(s), 0 hit(s), 0 error(s), 0 left on base; Shelby HS 9 - Billings West HS 10
BOTTOM OF THE 8TH
Billings West HS Golden Bears batting - Pitching for Shelby HS Rockets : LHP Chris Moore
Batting: RHB Michael Scott 0-0: Ball
1-0: Swinging Strike
1-1: Ground out 4-3 (Groundball, 4)
Batting: RHB Rod Zamora 0-0: Foul Ball, location: 2F
0-1: Ball
1-1: SOLO HOME RUN (Flyball, 78XD), Distance : 430 ft
Batting: LHB Jean Beauchemin 0-0: Foul Ball, location: 2F
0-1: Called Strike
0-2: Ball
1-2: Ball
2-2: Foul Ball, location: 2F
2-2: Ball
3-2: Foul Ball, location: 2F
3-2: SINGLE (Flyball, 9LM)
Batting: RHB Roberto Hernández 0-0: Called Strike
0-1: Foul Ball, location: 2F
0-2: Strikes out swinging
Batting: RHB Lawrence Pérez 0-0: Ball
1-0: SINGLE (Flyball, 89S)
Jean Beauchemin to second
Runner from 2nd tries for 3rd, SAFE, no throw
Batting: RHB Rob Johnston 0-0: SINGLE (Flyball, 8RS)
Jean Beauchemin scores
Lawrence Pérez to second
Batting: RHB Eric Dodd 0-0: Ball
1-0: SINGLE (Flyball, 9LS)
Lawrence Pérez to third
Rob Johnston to second
Runner from 3rd tries for Home, SAFE, no throw
Pitching: RHP Randy Pearce
Batting: RHB Jason Cook 0-0: Ball
1-0: Called Strike
1-1: Ball
2-1: SINGLE (Line Drive, 34)
Rob Johnston to third
Eric Dodd to second
Runner from 3rd tries for Home, SAFE, no throw
Batting: SHB Juan Soriano 0-0: Ball
1-0: Ball
2-0: Ball
3-0: Base on Balls
Eric Dodd to third
Jason Cook to second
Batting: RHB Michael Scott 0-0: Called Strike
0-1: Ball
1-1: Called Strike
1-2: DOUBLE (Groundball, 3L)
Eric Dodd scores
Jason Cook scores
Juan Soriano to third
Runner from 3rd tries for Home, SAFE, no throw
Batting: RHB Rod Zamora 0-0: Foul Ball, location: 2F
0-1: Ball
1-1: Ball
2-1: Ball
3-1: SINGLE (Line Drive, 7S)
Michael Scott to third
Runner from 3rd tries for Home, SAFE, no throw
Batting: LHB Jean Beauchemin 0-0: Ball
1-0: Swinging Strike
1-1: Ball
2-1: Called Strike
2-2: SINGLE (Line Drive, 9S)
Rod Zamora to second
Batting: RHB Roberto Hernández 0-0: Swinging Strike
0-1: Ball
1-1: SINGLE (Groundball, 6D)
Rod Zamora to third
Jean Beauchemin to second
Runner from 3rd tries for Home, SAFE, throw made home
Jean Beauchemin to third
Roberto Hernández to second
Pitching: LHP Gustavo Maldonado
Batting: RHB Lawrence Pérez 0-0: Ball
1-0: Ball
2-0: Called Strike
2-1: 3-RUN HOME RUN (Flyball, 78XD), Distance : 431 ft
Batting: RHB Rob Johnston 0-0: Ball
1-0: Swinging Strike
1-1: Called Strike
1-2: Foul Ball, location: 2F
1-2: Foul Ball, location: 2F
1-2: Ball
2-2: Foul Ball, location: 2F
2-2: Foul Ball, location: 2F
2-2: Ball
3-2: Base on Balls
Batting: RHB Eric Dodd 0-0: Called Strike
0-1: Fly out, F2 (Popup, 25)
Bottom of the 8th over - 12 run(s), 11 hit(s), 0 error(s), 1 left on base; Shelby HS 9 - Billings West HS 22
TOP OF THE 9TH
Shelby HS Rockets batting - Pitching for Billings West HS Golden Bears : RHP Doug Sales
Batting: RHB Craig Jensen 0-0: Called Strike
0-1: Fly out, F7 (Line Drive, 78M)
Batting: RHB Javier Concepción 0-0: SOLO HOME RUN (Flyball, 78XD), Distance : 416 ft
Batting: LHB Bill Williams 0-0: Foul Ball, location: 2F
0-1: Ground out U3 (Groundball, 3L)
Batting: RHB Joseph Brown 0-0: Ball
1-0: Foul Ball, location: 2F
1-1: SINGLE (Line Drive, 4MD)
Batting: RHB Phil Stephens 0-0: Foul Ball, location: 2F
0-1: Ball
1-1: Swinging Strike
1-2: Ball
2-2: Strikes out swinging
Top of the 9th over - 1 run(s), 2 hit(s), 0 error(s), 1 left on base; Shelby HS 10 - Billings West HS 22
Thursday, March 30th, 2017 - OOTP Baseball 17.12 Build 75